 Dungeon Crawl Stone Soup version 0.28.0-53-g5a82cb258f (webtiles) character file.

Game seed: 2988184591346116715

7861 ILmort the Fighter (level 11, -6/104 HPs)
             Began as a Minotaur Fighter on Aug 7, 2022.
             Was a High Priest of Okawaru.
             Mangled by a spriggan
             ... wielding a +3 vorpal mace
              (12 damage)
             ... in a bailey.
             The game lasted 00:48:55 (11276 turns).

ILmort the Fighter (Minotaur Fighter)              Turns: 11276, Time: 00:48:56

Health: -6/104     AC: 19    Str: 24    XL:     11   Next: 2%
Magic:  10/10      EV:  6    Int:  5    God:    Okawaru [*****.]
Gold:   409        SH: 10    Dex: 11    Spells: 10/10 levels left

rFire   . . .      SeeInvis .   b - +1 flail
rCold   . . .      Faith    .   n - +0 kite shield
rNeg    . . .      Spirit   .   k - +0 plate armour
rPois   .          Reflect  .   (helmet restricted)
rElec   .          Harm     .   (no cloak)
rCorr   .          Rampage  .   C - +0 pair of gloves
Will    .....                   (no boots)
Stlth   ..........              (no amulet)
HPRegen 0.27/turn               B - ring of flight
MPRegen 0.12/turn               E - +4 ring of protection

@: flying
A: horns 2, retaliatory headbutt
a: Renounce Religion, Heroism, Finesse, Duel


You were in a bailey.
You worshipped Okawaru.
Okawaru was extremely pleased with you.
You visited 2 branches of the dungeon, and saw 11 of its levels.
You also visited: Bailey.

You collected 499 gold pieces.
You spent 90 gold pieces at shops.

Inventory:

Hand Weapons
 a - a +0 hunting sling
 b - a +1 flail (weapon)
Missiles
 x - 69 sling bullets
 G - 2 throwing nets (quivered)
Armour
 d - a +1 chain mail of cold resistance
 e - the +0 ring mail of Orthodoxy {rCorr Int+2}
   (You found it on level 3 of the Dungeon)

   Int:       It affects your intelligence (+2).
   rCorr:     It protects you from acid and corrosion.
 k - a +0 plate armour (worn)
 n - a +0 kite shield (worn)
 C - a +0 pair of gloves (worn)
 I - a scarf of invisibility
Jewellery
 B - a ring of flight (left hand)
 E - a +4 ring of protection (right hand)
 F - a +4 ring of evasion
 H - a ring of wizardry
Wands
 u - a wand of flame (31)
 z - a wand of acid (9)
 J - a wand of paralysis (4)
Scrolls
 f - a scroll of fear
 i - a scroll of holy word
 l - 2 scrolls of teleportation
 m - 2 scrolls of enchant weapon
 s - a scroll of amnesia
 t - 3 scrolls of enchant armour
 y - a scroll of identify
 D - a scroll of magic mapping {unknown}
 K - a scroll of fog
Potions
 c - 5 potions of cancellation
 g - 2 potions of haste {unknown}
 h - 3 potions of lignification
 j - 2 potions of ambrosia
 o - a potion of mutation {unknown}
 p - a potion of berserk rage
 q - a potion of flight {unknown}
 r - 4 potions of resistance
 v - 3 potions of curing
 w - 3 potions of brilliance
 A - a potion of might


   Skills:
 * Level 12.2 Fighting
 + Level 11.7 Maces & Flails
 + Level 9.3 Armour
 + Level 9.3 Shields


You had 10 spell levels left.
You didn't know any spells.
Your spell library contained the following spells:

 Spells                   Type           Power      Damage    Failure   Level
 Freeze                   Ice            0%         1d3       100%        1
 Pain                     Necr           0%         1d4       100%        1
 Confusing Touch          Hex            0%         N/A       100%        3
 Dazzling Flash           Conj/Hex       0%         N/A       100%        3
 Frozen Ramparts          Ice            0%         1d2       100%        3
 Portal Projectile        Hex/Tloc       0%         N/A       100%        3
 Vampiric Draining        Necr           0%         2d6       100%        3
 Fulminant Prism          Conj/Hex       0%         3d6       100%        4
 Hailstorm                Conj/Ice       0%         3d3       100%        4
 Iskenderun's Mystic Bla  Conj/Tloc      0%         2d3       100%        4
 Leda's Liquefaction      Hex/Erth       0%         N/A       100%        4
 Agony                    Necr           0%         N/A       100%        5
 Lee's Rapid Deconstruct  Erth           0%         3d5*      100%        5
 Silence                  Hex/Air        0%         N/A       100%        5
 Yara's Violent Unravell  Hex/Tmut       0%         3d3       100%        5
 Enfeeble                 Hex            0%         N/A       100%        7
 Animate Skeleton         Necr           Unusable   N/A       N/A         1
 Call Canine Familiar     Summ           Unusable   N/A       N/A         3

Dungeon Overview and Level Annotations

Branches:
Dungeon (10/15)            Temple (1/1) D:5            Lair (0/6) D:8
 Bailey (1/1)
    Orc: D:9-12

Altars:
Ashenzari
Dithmenos
Elyvilon
Fedhas
Kikubaaqudgha
Makhleb
Nemelex Xobeh
Okawaru
Qazlal
Ru
Sif Muna
Trog
Vehumet
Xom
Yredelemnul
Zin
The Shining One

Shops:
D:1 ?   D:2 !   D:4 ?:!=   D:9 (

Annotations:
D:9 2 transporters, Flure's ghost, journeyman KoBr


Innate Abilities, Weirdness & Mutations

You have a pair of horns on your head.
You reflexively headbutt those who attack you in melee.


Message History

You block the spriggan's attack. The spriggan closely misses you.
The spriggan hits you but does no damage.
You block the spriggan's attack.
You hit the spriggan.
The spriggan is lightly wounded.
You block the spriggan's attack.
You barely miss the spriggan. Your headbutt misses the spriggan.
The spriggan is lightly wounded.
The spriggan barely misses you.
You sock the spriggan!
The spriggan is severely wounded.
The spriggan hits you with a +0 trident.
* * * LOW HITPOINT WARNING * * *
You closely miss the spriggan. Your headbutt misses the spriggan.
The spriggan is severely wounded.
The spriggan hits you but does no damage.
You miss the spriggan. You headbutt the spriggan!
You kill the spriggan!
Okawaru accepts your kill.
You start resting.
A spriggan is nearby!
A spriggan is nearby!
A spriggan is nearby!
You hit the spriggan but do no damage. You block the spriggan's attack.
You miss the spriggan.
The spriggan hits you but does no damage.
You sock the spriggan! Your headbutt misses the spriggan.
The spriggan is heavily wounded.
The spriggan hits you with a +3 vorpal mace.
* * * LOW HITPOINT WARNING * * *
x2 You hit the spriggan.
Your headbutt misses the spriggan.
The spriggan is severely wounded.
The spriggan hits you with a +3 vorpal mace.
* * * LOW HITPOINT WARNING * * *
x2 You hit the spriggan.
The spriggan is almost dead.
The ogre hits you but does no damage.
The spriggan hits you with a +3 vorpal mace!
You die...

##..♣# #..
##.i####♣##..#
##.........#
##.......#
##≈≈≈≈≈##
#≈O≈≈≈#
###)≈≈≈≈###
##)O.......##
##@i.........##
#..).∩...∩....#
##...........##
##.........##
###.....###
#######


You could see a two-headed ogre, an ogre and a spriggan.

Vanquished Creatures
  A two-headed ogre (D:10)
  The ghost of Kagerus the Carver, a novice HuFi of the Shining One (D:6)
  A deep elf pyromancer (D:10)
  A komodo dragon (D:7)
  A troll (D:10)
  2 hornets (D:8)
  3 spriggans (Bailey)
  4 yaks
  2 steam dragons (D:8)
  An acid dragon (D:9)
  Duvessa (D:4)
  4 black bears
  4 orc warriors
  3 sky beasts
  2 ice beasts
  3 centaurs
  3 ogres (Bailey)
  5 kobold brigands
  A phantom (D:6)
  2 bullfrogs (D:7)
  A wyvern zombie (D:8)
  A gnoll sergeant (D:8)
  A scorpion (D:6)
  A water moccasin zombie (D:6)
  Dowan (D:4)
  A water moccasin skeleton (D:5)
  4 killer bees (D:8)
  A wight (D:8)
  4 howler monkeys
  A bullfrog zombie (D:7)
  4 crimson imps (D:10)
  3 centaur zombies
  4 hounds
  A centaur skeleton (D:6)
  2 jellies
  A bullfrog skeleton (D:6)
  2 orc priests
  An iguana (D:5)
  6 orc wizards
  6 gnolls
  8 adders
  5 white imps
  4 ufetubi
  2 worms (D:3)
  3 dart slugs
  22 orcs
  9 ball pythons
  4 endoplasms
  3 giant cockroaches
  4 goblins
  6 hobgoblins
  8 jackals (D:2)
  33 kobolds
  2 quokkas (D:2)
  5 bats
  6 rats
  A butterfly (D:9)
216 creatures vanquished.

Vanquished Creatures (others)
  5 fungi (D:8)
  8 plants (D:8)
13 creatures vanquished.

Grand Total: 229 creatures vanquished

Notes
Turn   | Place    | Note
-------+----------+-------------------------------------------
     0 | D:1      | ILmort the Minotaur Fighter began the quest for the Orb.
     0 | D:1      | Reached XP level 1. HP: 19/19 MP: 0/0
    98 | D:1      | Found Fumuasaoch's Magic Scroll Emporium.
   286 | D:1      | Reached XP level 2. HP: 26/26 MP: 1/1
   341 | D:1      | Found a faded altar of an unknown god.
  1058 | D:2      | Reached XP level 3. HP: 27/31 MP: 2/2
  1374 | D:2      | Reached skill level 5 in Maces & Flails
  1778 | D:2      | Reached XP level 4. HP: 39/39 MP: 3/3
  1907 | D:2      | Found Coybb's Distillery.
  2280 | D:2      | Reached skill level 4 in Fighting
  2536 | D:3      | Identified the +0 ring mail of Orthodoxy {rCorr Int+2}
  3058 | D:4      | Found Akhluely's Magic Scroll Shop.
  3102 | D:4      | Reached XP level 5. HP: 35/47 MP: 4/4
  3208 | D:4      | Bought a scroll of enchant armour for 90 gold pieces
  3232 | D:4      | Noticed Duvessa
  3237 | D:4      | Noticed Dowan
  3242 | D:4      | Killed Duvessa
  3243 | D:4      | Reached skill level 5 in Fighting
  3247 | D:4      | Killed Dowan
  3248 | D:4      | Reached XP level 6. HP: 37/56 MP: 5/5
  3478 | D:4      | Found Porinee's Distillery.
  3497 | D:4      | Found Ylauwku's Jewellery Emporium.
  3563 | D:4      | Found Vonkulom's Book Shoppe.
  3586 | D:4      | Reached skill level 6 in Fighting
  3898 | D:5      | Entered Level 5 of the Dungeon
  3928 | D:5      | Reached XP level 7. HP: 61/64 MP: 6/6
  4130 | D:5      | Reached skill level 7 in Fighting
  4454 | D:5      | Found a staircase to the Ecumenical Temple.
  4498 | D:5      | Found a sacrificial altar of Ru.
  4807 | Temple   | Entered the Ecumenical Temple
  4866 | Temple   | Became a worshipper of Warmaster Okawaru
  5181 | D:6      | Reached XP level 8. HP: 69/73 MP: 7/7
  5355 | D:6      | Reached * piety under Okawaru
  5448 | D:6      | Reached skill level 8 in Fighting
  5676 | D:6      | Noticed Kagerus's ghost (novice HuFi)
  5680 | D:6      | Found a runed translucent door.
  5790 | D:6      | Reached skill level 5 in Armour
  5790 | D:6      | Reached skill level 5 in Shields
  5906 | D:6      | Killed Kagerus's ghost
  5906 | D:6      | Reached ** piety under Okawaru
  6145 | D:7      | Reached XP level 9. HP: 77/82 MP: 8/8
  6275 | D:7      | Reached skill level 9 in Fighting
  7504 | D:8      | Reached *** piety under Okawaru
  7504 | D:8      | Noticed a komodo dragon
  7505 | D:8      | Reached skill level 10 in Maces & Flails
  7687 | D:7      | Received a gift from Okawaru
  7697 | D:7      | Killed a komodo dragon
  8212 | D:8      | Reached skill level 10 in Fighting
  8365 | D:8      | Found a staircase to the Lair.
  8686 | D:8      | Reached XP level 10. HP: 82/93 MP: 9/9
  8739 | D:8      | Reached **** piety under Okawaru
  9141 | D:8      | Found a radiant altar of Vehumet.
  9161 | D:8      | Paralysed by a hornet for 1 turns
  9866 | D:9      | Reached skill level 11 in Fighting
  9916 | D:9      | Found a white marble altar of Elyvilon.
  9943 | D:9      | Found Waariu's Weapon Shop.
  9954 | D:9      | Noticed an eight-headed hydra
  9962 | D:9      | Found a transporter.
  9962 | D:9      | Noticed a moth of wrath
  9983 | D:9      | Found a transporter.
 10026 | D:9      | Noticed Flure's ghost (journeyman KoBr)
 10529 | D:10     | Entered Level 10 of the Dungeon
 10634 | D:10     | Found a shimmering altar of Xom.
 10674 | D:10     | Noticed a two-headed ogre
 10681 | D:10     | Killed a two-headed ogre
 10681 | D:10     | Reached ***** piety under Okawaru
 10761 | D:10     | Noticed a deep elf pyromancer
 10768 | D:10     | Killed a deep elf pyromancer
 10927 | D:10     | Reached skill level 12 in Fighting
 11020 | D:10     | Found a flagged portal.
 11055 | Bailey   | Entered a bailey
 11212 | Bailey   | Noticed a two-headed ogre
 11226 | Bailey   | Reached XP level 11. HP: 29/104 MP: 10/10
 11276 | Bailey   | Mangled by a spriggan

Illustrated notes

Levels and vault maps discovered:
D:1:      dpeg_arrival_tiny_a, layout_basic,
          shapermc_ecumenical_altar_starsandcircs, serial_shops, shop,
          corexii_leaking_fountain
D:2:      layout_basic, serial_shops, nicolae_shop_advertising_works
          [nicolae_subvault_shop_adworks]
D:3:      layout_basic
D:4:      layout_cave_pools, serial_shops, shop_fountains,
          nicolae_shop_statue_plus, nicolae_shop_hallway_plus, shop,
          minmay_fountain_box, dk_vineyard_1, uniq_duvessa
D:5:      layout_cave_pools, lemuel_round_altar, minmay_temple_entry_statues
D:6:      layout_gridville, hellmonk_ghost_happy_afterlife
D:7:      layout_basic
D:8:      layout_loops_ring, vehumet_crystals, grunt_lair_entry_orc_guard_hut,
          minmay_starry_boxes
D:9:      layout_roguey, nicolae_elyvilon_peaceful_grove, serial_shops,
          nicolae_shop_trees, gammafunk_ghost_berserking_beasts
D:10:     layout_loops_ring, led_xom_imps, enter_bailey_2, onia_ninara_cookie,
          uniq_nergalle
Temple:   eino_narrow_crystal_temple
Bailey:   bailey_polearm_enchanted_keep_hellmonk, bailey

Skill      XL: |  1  2  3  4  5  6  7  8  9 10 |
---------------+-------------------------------+-----
Maces & Flails | 3 4 5 6 7 8 9 10 11 | 11.7
Fighting       | 4 5 6 7 8 10 12 | 12.2
Armour         | 4 6 7 9 |  9.3
Shields        | 4 6 7 9 |  9.3

Action                   |  1- 3 |  4- 6 |  7- 9 | 10-12 || total
-------------------------+-------+-------+-------+-------++-------
Melee: Flail             |    99 |   113 |   277 |   243 ||   732
       Headbutt          |     8 |    21 |    55 |    54 ||   138
 Fire: Hunting sling     |     5 |       |     4 |       ||     9
  Use: Scroll            |     4 |     1 |    14 |     2 ||    21
       Potion            |       |     2 |     3 |     2 ||     7
Armor: Scale mail        |    43 |       |       |       ||    43
       Chain mail        |    14 |    69 |    91 |       ||   174
       Plate armour      |       |       |    94 |   133 ||   227
Dodge: Dodged            |    38 |    40 |    68 |    64 ||   210
Block: Buckler           |    17 |       |       |       ||    17
       Kite shield       |     8 |    48 |   134 |   149 ||   339
